[Event "Titled Tuesday Blitz July 6 2021"]
[White "Pridorozhni, Aleksei"]
[Black "Borisova, Ekaterina"]
[WhiteFideId "4127870"]
[BlackFideId "34124184"]
[WhiteElo "2565"]
[BlackElo "2021"]
[Result "1/2-1/2"]
[Round "01"]
[TimeControl "180+1"]
[Date "2021.07.06"]
[WhiteClock "0:01:04"]
[BlackClock "0:01:19"]

1. e4 e5 2. f4 d5 3. exd5 e4 4. d3 Qxd5 5. Nc3 Bb4 6. Bd2 Bxc3 7. Bxc3 Nf6 8. Bxf6 gxf6 9. dxe4 Qxe4+ 10. Qe2 Qxe2+ 11. Bxe2 Bf5 12. O-O-O Nd7 13. Nf3 O-O-O 14. Nd4 Be4 15. Bf3 f5 16. Rhf1 Rhe8 17. g3 c6 18. Bh5 Re7 19. Nb3 Kc7 20. Nd2 Nf6 21. Bf3 Nd5 22. Rde1 Rde8 23. a3 Bxf3 24. Rxe7+ Rxe7 25. Nxf3 Re2 26. Re1 Rf2 27. Nd4 Rxh2 28. Nxf5 b5 29. Ne7 Nf6 30. b3 h5 31. Nf5 Nd5 32. Kb2 a5 33. Ne3 Nxe3 34. Rxe3 Kd6 35. Re5 h4 36. gxh4 Rxh4 37. Rf5 Ke6 38. Rc5 Kd6 39. Rf5 Ke6 40. Re5+ Kd6 41. Re4 Kd5 42. Re5+ Kd6 1/2-1/2


[Site "https://www.chess.com"]

[Event "Titled Tuesday Blitz July 6 2021"]
[White "Principe, Gerson"]
[Black "Quparadze, Giga"]
[WhiteFideId "3804550"]
[BlackFideId "13602250"]
[WhiteElo "2280"]
[BlackElo "2658"]
[Result "0-1"]
[Round "01"]
[TimeControl "180+1"]
[Date "2021.07.06"]
[WhiteClock "0:00:25"]
[BlackClock "0:01:41"]

1. d4 Nf6 2. Nf3 e6 3. c4 b6 4. g3 Ba6 5. b3 Bb4+ 6. Bd2 Be7 7. Bc3 d5 8. Nbd2 O-O 9. Bg2 c6 10. O-O Nbd7 11. Re1 Rc8 12. Ne5 Nxe5 13. dxe5 Ng4 14. h3 d4 15. hxg4 dxc3 16. Ne4 Qc7 17. f4 b5 18. c5 b4 19. Nd6 Rcd8 20. Qd4 Qa5 21. a4 f6 22. Bxc6 fxe5 23. fxe5 Qc7 24. Bf3 Rb8 25. Rad1 Bc8 26. Rf1 a5 27. Kg2 Bd7 28. Be4 Bc6 29. Rf3 Bxe4 30. Nxe4 Qc6 31. Rdf1 Rfd8 32. Nd6 Rbc8 33. Qc4 Qd5 34. Qf4 Rf8 35. Qe4 Rxc5 36. Rxf8+ Bxf8 37. Rxf8+ Kxf8 0-1


[Site "https://www.chess.com"]

[Event "Titled Tuesday Blitz July 6 2021"]
[White "Pruijssers, Roeland"]
[Black "TanitoluwaAps116"]
[WhiteFideId "1013068"]
[WhiteElo "2545"]
[BlackElo "2359"]
[Result "1-0"]
[Round "01"]
[TimeControl "180+1"]
[Date "2021.07.06"]
[WhiteClock "0:00:19"]
[BlackClock "0:00:02"]

1. e4 c5 2. Nf3 e6 3. d4 cxd4 4. Nxd4 Nc6 5. Nc3 Qc7 6. Be3 a6 7. Qd2 b5 8. O-O-O Bb7 9. f3 Nf6 10. g4 b4 11. Na4 d5 12. g5 Nd7 13. exd5 Nxd4 14. Bxd4 Bxd5 15. b3 Bd6 16. Kb1 Rg8 17. Qf2 Ne5 18. Nb6 Bxf3 19. Bxe5 Bxe5 20. Qxf3 Rd8 21. Rxd8+ Qxd8 22. Nc4 Qxg5 23. Qa8+ Ke7 24. Qxg8 Qh4 25. Bd3 Bf6 26. Qb8 Qd4 27. Qc7+ Kf8 28. Qd6+ 1-0


[Site "https://www.chess.com"]

[Event "Titled Tuesday Blitz July 6 2021"]
[White "Riazantsev, Alexander"]
[Black "Roman, Rodrigo"]
[WhiteFideId "4125029"]
[BlackFideId "3701220"]
[WhiteElo "2497"]
[BlackElo "2043"]
[Result "1-0"]
[Round "01"]
[TimeControl "180+1"]
[Date "2021.07.06"]
[WhiteClock "0:00:09"]
[BlackClock "0:00:06"]

1. d4 Nf6 2. c4 e6 3. Nf3 Bb4+ 4. Bd2 a5 5. a3 Bxd2+ 6. Qxd2 O-O 7. Nc3 d5 8. e3 b6 9. cxd5 exd5 10. Bd3 Bb7 11. Ne5 Nbd7 12. f4 c5 13. O-O Qe7 14. Rad1 cxd4 15. exd4 Ne4 16. Nxe4 dxe4 17. Bc4 Rac8 18. Qe2 Kh8 19. Bb3 Nf6 20. d5 Qc5+ 21. Kh1 Qd6 22. Nc4 Qc5 23. Ne3 Rcd8 24. Rc1 Qd6 25. Qd2 Ba6 26. Rf2 Bd3 27. Qc3 Qd7 28. Qd4 b5 29. h3 Nh5 30. Kh2 Qd6 31. g3 Qf6 32. Qxf6 Nxf6 33. g4 a4 34. Ba2 g6 35. g5 Nh5 36. f5 Rd6 37. Rc7 Ng7 38. f6 Nf5 39. Nxf5 gxf5 40. Rxf5 h6 41. h4 hxg5 42. hxg5 Kh7 43. Re5 Kg6 44. Kg3 Rh8 45. Rc6 Rdd8 46. d6 Rh5 47. Kf4 Rh4+ 48. Ke3 Rh3+ 49. Kd4 Bc4 50. Bxc4 bxc4 51. Kxe4 Rd3 52. Rxc4 R8xd6 53. Rxa4 Rd2 54. Rb4 R6d3 55. Re8 Rg3 56. Rg8+ Kh5 57. Kf4 Rg4+ 58. Kf3 Rdg2 59. Rxg4 Rxg4 60. Rh8+ 1-0


[Site "https://www.chess.com"]

[Event "Titled Tuesday Blitz July 6 2021"]
[White "Rohde, Michael"]
[Black "Svane, Rasmus"]
[WhiteFideId "2000172"]
[BlackFideId "4657101"]
[WhiteElo "2293"]
[BlackElo "2669"]
[Result "0-1"]
[Round "01"]
[TimeControl "180+1"]
[Date "2021.07.06"]
[WhiteClock "0:00:01"]
[BlackClock "0:00:03"]

1. Nf3 d5 2. d4 Nf6 3. Bf4 c5 4. e3 Nc6 5. c3 Qb6 6. Qb3 c4 7. Qc2 Bf5 8. Qc1 e6 9. Nbd2 h6 10. Be2 Be7 11. h3 O-O 12. g4 Bg6 13. Rg1 Qd8 14. h4 b5 15. h5 Bh7 16. g5 hxg5 17. Nxg5 b4 18. h6 g6 19. Ndf3 a5 20. Ne5 Nxe5 21. dxe5 Nd7 22. Qd2 Nc5 23. Qd4 Qc7 24. Rd1 bxc3 25. bxc3 Rab8 26. Bh2 Rb2 27. Qg4 Rfb8 28. Qf4 Bxg5 29. Rxg5 Ne4 30. Bf3 Rxf2 31. Bg1 Rxf3 32. Qxf3 Qe7 33. Rg4 g5 34. Bf2 Bf5 35. Bh4 Bxg4 36. Qxg4 Kh7 37. Kf1 Rb2 38. Kg1 f5 39. exf6 Qf7 40. Rf1 gxh4 41. Qg7+ Qxg7+ 42. hxg7 h3 0-1


[Site "https://www.chess.com"]

[Event "Titled Tuesday Blitz July 6 2021"]
[White "Rozhkov, Viacheslav"]
[Black "Dubov, Daniil"]
[WhiteFideId "4181484"]
[BlackFideId "24126055"]
[WhiteElo "2324"]
[BlackElo "2722"]
[Result "1/2-1/2"]
[Round "01"]
[TimeControl "180+1"]
[Date "2021.07.06"]
[WhiteClock "0:00:09"]
[BlackClock "0:00:19"]

1. e4 e5 2. Nf3 d6 3. d4 exd4 4. Bc4 Be7 5. c3 dxc3 6. Qb3 Be6 7. Bxe6 fxe6 8. Qxb7 Nd7 9. Nxc3 Ngf6 10. Be3 Rb8 11. Qxa7 O-O 12. Ng5 Ra8 13. Qb7 Qb8 14. Qxb8 Rfxb8 15. Nxe6 Rxb2 16. Nxc7 Ra3 17. N7d5 Nxd5 18. Nxd5 Bd8 19. O-O Raxa2 20. Rxa2 Rxa2 21. Rb1 Ra8 22. h3 Nf6 23. Nxf6+ Bxf6 24. Rb7 Re8 25. f3 d5 26. Rb4 Bc3 27. Ra4 Rd8 28. Bd4 Bd2 29. e5 h5 30. g4 h4 31. Ra7 g5 32. e6 Re8 33. Rg7+ Kf8 34. Rf7+ Kg8 35. Rg7+ Kf8 36. Rf7+ Kg8 37. Rg7+ 1/2-1/2


[Site "https://www.chess.com"]

[Event "Titled Tuesday Blitz July 6 2021"]
[White "Salem, A.R. Saleh"]
[Black "Dmitrenko, Viktor"]
[WhiteFideId "9301348"]
[BlackFideId "14110270"]
[WhiteElo "2642"]
[BlackElo "2338"]
[Result "1-0"]
[Round "01"]
[TimeControl "180+1"]
[Date "2021.07.06"]
[WhiteClock "0:01:07"]
[BlackClock "0:00:06"]

1. d4 Nf6 2. c4 e6 3. Nc3 Bb4 4. e3 c5 5. Bd3 d6 6. Nf3 O-O 7. O-O Nbd7 8. Bd2 b6 9. a3 Bxc3 10. Bxc3 Bb7 11. b4 Ne4 12. Bb2 f5 13. Ne1 Qg5 14. Qe2 e5 15. dxc5 bxc5 16. Rd1 cxb4 17. axb4 a5 18. f3 Nef6 19. Bb1 axb4 20. Rxd6 Rae8 21. c5 Rc8 22. f4 exf4 23. exf4 Qg6 24. Qe6+ Kh8 25. Bxf5 Qh6 26. Rxd7 Rxc5 27. Rxb7 Rc2 28. Nxc2 1-0


[Site "https://www.chess.com"]

[Event "Titled Tuesday Blitz July 6 2021"]
[White "Sarana, Alexey"]
[Black "Ortiz Verdezoto, Anahi"]
[WhiteFideId "24133795"]
[BlackFideId "3614581"]
[WhiteElo "2646"]
[BlackElo "1755"]
[Result "1-0"]
[Round "01"]
[TimeControl "180+1"]
[Date "2021.07.06"]
[WhiteClock "0:00:17"]
[BlackClock "0:00:08"]

1. e4 e5 2. Nf3 Nc6 3. Bc4 Nf6 4. d3 Bc5 5. c3 d6 6. O-O a6 7. Re1 O-O 8. Bb3 Ne7 9. d4 exd4 10. cxd4 Bb4 11. Nc3 Ng6 12. Qd3 Re8 13. Bg5 Bxc3 14. bxc3 h6 15. Bd2 Be6 16. Rad1 Qd7 17. h3 Nh5 18. d5 Bxh3 19. gxh3 Qxh3 20. Ne5 Qh4 21. Nxg6 fxg6 22. e5 Rf8 23. Re2 Qg4+ 24. Kf1 Rf3 25. Re3 Raf8 26. Rxf3 Rxf3 27. Be3 Nf4 28. Qd4 Qg2+ 29. Ke1 dxe5 30. Qxe5 Qg1+ 31. Kd2 Rxf2+ 32. Bxf2 Qxf2+ 33. Kc1 Ne2+ 34. Kb1 Qf3 35. d6+ Kh7 36. Kb2 Nxc3 37. Qxc3 1-0


[Site "https://www.chess.com"]

[Event "Titled Tuesday Blitz July 6 2021"]
[White "Seul, Georg"]
[Black "Yakubboev, Nodirbek"]
[WhiteFideId "4601653"]
[BlackFideId "14203987"]
[WhiteElo "2332"]
[BlackElo "2519"]
[Result "0-1"]
[Round "01"]
[TimeControl "180+1"]
[Date "2021.07.06"]
[WhiteClock "0:00:01"]
[BlackClock "0:00:19"]

1. e4 c5 2. Nf3 d6 3. Bc4 Nc6 4. O-O Nf6 5. d3 g6 6. h3 Bg7 7. Nc3 O-O 8. a3 a6 9. Be3 Nd7 10. Ba2 Nd4 11. Nh2 b5 12. Ng4 Kh8 13. Bh6 Bxh6 14. Nxh6 e6 15. Ne2 Qh4 16. Nxd4 cxd4 17. Ng4 f5 18. exf5 gxf5 19. Nh2 e5 20. Qf3 Ra7 21. Qg3 Qxg3 22. fxg3 Nf6 23. g4 fxg4 24. Nxg4 Bxg4 25. hxg4 Kg7 26. g5 Ng4 27. Rxf8 Kxf8 28. Rf1+ Kg7 29. c3 dxc3 30. bxc3 Kg6 31. d4 Kxg5 32. Be6 Ne3 33. Rf3 Re7 34. d5 Nc4 35. Rg3+ Kf4 36. Rg4+ Ke3 37. a4 e4 38. axb5 axb5 39. Kf1 Ra7 40. Rg3+ Kd2 41. Rg4 Ne3+ 0-1


[Site "https://www.chess.com"]

[Event "Titled Tuesday Blitz July 6 2021"]
[White "Shahade, Gregory"]
[Black "Tsotsonava, Elene"]
[WhiteFideId "2009064"]
[BlackFideId "13615939"]
[WhiteElo "2731"]
[BlackElo "1847"]
[Result "1-0"]
[Round "01"]
[TimeControl "180+1"]
[Date "2021.07.06"]
[WhiteClock "0:00:10"]
[BlackClock "0:00:10"]

1. e4 c5 2. Nf3 e6 3. d4 cxd4 4. Nxd4 Nc6 5. Nc3 Qc7 6. Be3 a6 7. Qf3 Nf6 8. O-O-O Nxd4 9. Bxd4 e5 10. Be3 d6 11. Qg3 Be6 12. f3 Rc8 13. Kb1 b5 14. Bd3 Be7 15. Rd2 b4 16. Ne2 Qa5 17. Nc1 O-O 18. Rhd1 d5 19. Qxe5 Rfd8 20. Nb3 Qa4 21. Bd4 dxe4 22. Bxe4 Bd6 23. Qg5 h6 24. Qh4 Nxe4 25. Qxe4 Be7 26. Be5 Rxd2 27. Rxd2 Qb5 28. Rd1 a5 29. Nd4 Qc4 30. Nxe6 Qxe6 31. Qg4 Qxg4 32. fxg4 Rc5 33. Bg3 Rg5 34. h3 h5 35. Bh4 Re5 36. Bxe7 Rxe7 37. gxh5 Re2 38. b3 Rxg2 39. Rd5 Rg3 40. Rxa5 Rxh3 41. Rb5 Rh4 42. Kb2 Rh3 43. Rxb4 Rxh5 44. a4 g5 45. Rb5 Kg7 46. a5 Kg6 47. a6 Rh8 48. b4 g4 49. Rd5 Ra8 50. b5 g3 51. Rd3 Rb8 52. Rxg3+ Kf6 53. c4 Ke5 54. a7 Ra8 55. b6 Kd6 56. b7 Rxa7 57. b8=Q+ 1-0


[Site "https://www.chess.com"]

[Event "Titled Tuesday Blitz July 6 2021"]
[White "Shahinyan, David"]
[Black "Dobre, Claudiu-Cristian"]
[WhiteFideId "13304380"]
[BlackFideId "1211854"]
[WhiteElo "2372"]
[BlackElo "2259"]
[Result "1-0"]
[Round "01"]
[TimeControl "180+1"]
[Date "2021.07.06"]
[WhiteClock "0:00:34"]
[BlackClock "0:00:04"]

1. e4 Nc6 2. d4 d5 3. Nc3 dxe4 4. d5 Nb8 5. Bf4 c6 6. dxc6 Qxd1+ 7. Rxd1 bxc6 8. Nxe4 Nf6 9. Nxf6+ gxf6 10. Nf3 Ba6 11. c4 e5 12. Be3 Bb4+ 13. Bd2 Bxd2+ 14. Nxd2 Nd7 15. Ne4 Ke7 16. Rxd7+ Kxd7 17. Nc5+ Kc7 18. Nxa6+ Kb6 19. Nb4 Rhg8 20. g3 Rad8 21. Be2 Rd4 22. Nc2 Rd7 23. Ne3 Kc5 24. Bg4 Rb7 25. b3 Rd8 26. Bf5 h5 27. Ke2 Kb4 28. Rc1 Ka3 29. Rc2 a5 30. h4 a4 31. bxa4 Kxa4 32. c5 Rdb8 33. Be4 Kb5 34. a4+ Kxa4 35. Bxc6+ Kb3 36. Bxb7 Rxb7 37. c6 Rb8 38. c7 Rc8 39. Kd2 f5 40. Nd5 1-0


[Site "https://www.chess.com"]

[Event "Titled Tuesday Blitz July 6 2021"]
[White "Shevtchenko, Olesya"]
[Black "Le, Tuan Minh"]
[WhiteFideId "24131890"]
[BlackFideId "12401153"]
[WhiteElo "2003"]
[BlackElo "2450"]
[Result "1-0"]
[Round "01"]
[TimeControl "180+1"]
[Date "2021.07.06"]
[WhiteClock "0:00:39"]
[BlackClock "0:00:02"]

1. e4 c5 2. Nf3 Nf6 3. Nc3 d5 4. exd5 Nxd5 5. Bc4 Nb6 6. Bb5+ Bd7 7. Bxd7+ Qxd7 8. d4 cxd4 9. Qxd4 Nc6 10. Qxd7+ Nxd7 11. Be3 e6 12. Nb5 Rc8 13. c3 a6 14. Nbd4 Na5 15. Rd1 Nc4 16. Bc1 b5 17. O-O Be7 18. Rfe1 Ndb6 19. b3 Nd6 20. Bf4 Nb7 21. Nxe6 fxe6 22. Rxe6 Nc5 23. Rxb6 O-O 24. Be5 Ne4 25. Rb7 Bf6 26. Bxf6 Nxf6 27. Rd3 Rfe8 28. g3 Re2 29. Ng5 Rxa2 30. Rc7 Re8 31. Kg2 h6 32. Nh3 Rf8 33. Rf3 Rb2 34. b4 Rc2 35. Nf4 Ng4 36. Rxg7+ Kh8 37. Rxg4 1-0


[Site "https://www.chess.com"]

[Event "Titled Tuesday Blitz July 6 2021"]
[White "Siva Mahadevan"]
[Black "Sliwicki, Damian"]
[WhiteFideId "25043153"]
[BlackFideId "1127128"]
[WhiteElo "2203"]
[BlackElo "2149"]
[Result "1-0"]
[Round "01"]
[TimeControl "180+1"]
[Date "2021.07.06"]
[WhiteClock "0:00:32"]
[BlackClock "0:00:08"]

1. e4 c5 2. Nf3 g6 3. d4 cxd4 4. Qxd4 Nf6 5. e5 Nc6 6. Qf4 Nd5 7. Qe4 Nc7 8. Nc3 Bg7 9. Bf4 O-O 10. O-O-O Ne6 11. Bg3 Qa5 12. Bc4 b5 13. Bxb5 Rb8 14. Qa4 Qb6 15. Nd2 a6 16. Nc4 axb5 17. Nxb6 bxa4 18. Ncxa4 Bxe5 19. Nxd7 Bxd7 20. Rxd7 Ra8 21. b3 Bf6 22. h4 h5 23. Rhd1 Rfc8 24. Kb1 Ncd4 25. Nb6 Nb5 26. Nxc8 Nc3+ 27. Kc1 Nxd1 28. Nxe7+ Bxe7 29. Rxe7 Nc3 30. a4 Rc8 31. Kb2 Nd1+ 32. Kc1 Nc3 33. Be5 Nd5 34. Rb7 Nc5 35. Rb5 Nd3+ 36. Kd2 Nxe5 37. Rxd5 Ng4 38. f3 Nf6 39. Rd4 Kg7 40. a5 Ne8 41. b4 Nc7 42. c4 Ne6 43. Re4 Kf6 44. Kc3 Ke7 45. a6 f5 46. Re5 Kf6 47. Ra5 Nc7 48. a7 Ke6 49. b5 Kd6 50. b6 Kc6 51. bxc7 Kxc7 52. Rc5+ 1-0


[Site "https://www.chess.com"]

[Event "Titled Tuesday Blitz July 6 2021"]
[White "Sokolin, Leonid"]
[Black "Alekseenko, Kirill"]
[WhiteFideId "2009161"]
[BlackFideId "4135539"]
[WhiteElo "2394"]
[BlackElo "2580"]
[Result "0-1"]
[Round "01"]
[TimeControl "180+1"]
[Date "2021.07.06"]
[WhiteClock "0:00:08"]
[BlackClock "0:00:18"]

1. d4 d5 2. c4 dxc4 3. Nc3 Nf6 4. Nf3 a6 5. e4 b5 6. e5 Nd5 7. a4 e6 8. Ng5 Be7 9. Qh5 g6 10. Qh6 Nb4 11. Qg7 Rf8 12. Nxh7 Nc2+ 13. Kd1 Nxa1 14. Bh6 Qxd4+ 15. Kc1 Bb7 16. Be2 Be4 17. Nf6+ Bxf6 18. Qxf8+ Kd7 19. Nxe4 Nb3+ 20. Kb1 Qxe4+ 21. Ka2 Qxe5 22. Rd1+ Kc6 23. Bf3+ Kb6 24. Be3+ Ka5 25. Rb1 Nc6 26. Qxa8 Nb4+ 27. Ka3 Qd6 28. Rd1 Nd3+ 29. Ka2 Qb4 0-1


[Site "https://www.chess.com"]

[Event "Titled Tuesday Blitz July 6 2021"]
[White "Sonis, Francesco"]
[Black "Vaidya, Atulya"]
[WhiteFideId "895733"]
[BlackFideId "2047713"]
[WhiteElo "2373"]
[BlackElo "2384"]
[Result "1-0"]
[Round "01"]
[TimeControl "180+1"]
[Date "2021.07.06"]
[WhiteClock "0:01:13"]
[BlackClock "0:00:15"]

1. d4 Nf6 2. c4 g6 3. g3 Bg7 4. Bg2 d6 5. Nc3 c6 6. e4 O-O 7. h3 e5 8. Nge2 Re8 9. O-O Nfd7 10. Be3 a5 11. Qc2 Na6 12. Rad1 Qc7 13. f4 b5 14. cxb5 cxb5 15. Qd2 Qb8 16. Rc1 Nc7 17. g4 Nb6 18. b3 a4 19. fxe5 dxe5 20. d5 Ba6 21. Bc5 Rd8 22. Qe3 Nd7 23. Be7 Re8 24. d6 Ne6 25. Nd5 b4 26. Nc7 Rxe7 27. Nxa6 Rxa6 28. dxe7 Qe8 29. Qd3 Ra8 30. Qd6 1-0


[Site "https://www.chess.com"]

[Event "Titled Tuesday Blitz July 6 2021"]
[White "Svidler, Peter"]
[Black "LEGENYA1998"]
[WhiteFideId "4102142"]
[WhiteElo "2743"]
[BlackElo "2440"]
[Result "0-1"]
[Round "01"]
[TimeControl "180+1"]
[Date "2021.07.06"]
[WhiteClock "0:00:41"]
[BlackClock "0:00:21"]

1. e4 Nc6 2. Nf3 d5 3. exd5 Qxd5 4. Nc3 Qa5 5. Bb5 Bd7 6. O-O a6 7. b4 Qxb4 8. Rb1 Qa5 9. Bc4 b5 10. Bd5 e6 11. Bxc6 Bxc6 12. Ne5 Bb7 13. Qh5 g6 14. Nxg6 Nf6 15. Qh4 Rg8 16. Nf4 Be7 17. g3 O-O-O 18. Nd3 Qb6 19. Ba3 Rd4 20. Qxd4 Qxd4 21. Bxe7 Ne4 22. Nxe4 Qxe4 23. f3 Qd4+ 24. Kg2 e5 25. Bf6 Qc4 26. Bxe5 Qxc2 27. Rbc1 Qxd3 28. Rxc7+ Kd8 29. Rxb7 Qe2+ 0-1


[Site "https://www.chess.com"]

[Event "Titled Tuesday Blitz July 6 2021"]
[White "Tanenbaum, Zachary"]
[Black "Hoffmann, Asa"]
[WhiteFideId "2060850"]
[BlackFideId "2001470"]
[WhiteElo "2165"]
[BlackElo "2117"]
[Result "1-0"]
[Round "01"]
[TimeControl "180+1"]
[Date "2021.07.06"]
[WhiteClock "0:00:29"]
[BlackClock "0:00:35"]

1. e4 d6 2. d4 Nf6 3. Nc3 c6 4. Nf3 Bg4 5. Bc4 e6 6. h3 Bh5 7. Bf4 d5 8. exd5 cxd5 9. Bb5+ Nc6 10. g4 Bg6 11. Ne5 Rc8 12. Nxc6 bxc6 13. Ba6 Bb4 14. Bxc8 Qxc8 15. f3 O-O 16. O-O h5 17. a3 Bxc3 18. bxc3 Qa6 19. Re1 Nd7 20. Qd2 Nb6 21. Qg2 Nc4 22. Be5 hxg4 23. hxg4 Qa4 24. Re2 f6 25. Bf4 Kf7 26. Rae1 Re8 27. Bc1 Qa5 28. f4 Be4 29. Qh3 Qa4 30. f5 exf5 31. Qh5+ Kf8 32. gxf5 Qa5 33. Bh6 Qc7 34. Rg2 Re7 35. Bxg7+ 1-0


[Site "https://www.chess.com"]

[Event "Titled Tuesday Blitz July 6 2021"]
[White "Terry, Renato"]
[Black "Yandarbiev, Ruslan"]
[WhiteFideId "3803457"]
[BlackFideId "4115023"]
[WhiteElo "2581"]
[BlackElo "2114"]
[Result "1-0"]
[Round "01"]
[TimeControl "180+1"]
[Date "2021.07.06"]
[WhiteClock "0:01:03"]
[BlackClock "0:01:33"]

1. e4 c5 2. Nf3 d6 3. Bb5+ Nd7 4. d4 cxd4 5. Qxd4 e5 6. Qd3 Nf6 7. Bg5 a6 8. Bxd7+ Bxd7 9. Nc3 Be6 10. O-O-O Be7 11. Bxf6 Bxf6 12. Qxd6 Qxd6 13. Rxd6 Ke7 14. Rb6 Rab8 15. Rd1 Rhc8 16. Nd5+ Bxd5 17. Rxd5 Rc6 18. Rxc6 bxc6 19. Ra5 Kd6 20. Rxa6 Rb4 21. b3 Rxe4 22. Kd1 Rf4 23. Ke2 e4 24. Nd2 Bd4 25. f3 exf3+ 26. Nxf3 Bf6 27. Ra7 Bb2 28. a4 Kc5 29. g3 Re4+ 30. Kd3 f5 31. Ra5+ Kd6 32. Rxf5 Rg4 33. a5 Kc7 34. Rf7+ Kb8 35. c3 c5 36. Ne5 Rg5 37. Nc6+ Kc8 38. a6 1-0


[Site "https://www.chess.com"]

[Event "Titled Tuesday Blitz July 6 2021"]
[White "Travadon, Loic"]
[Black "Costachi, Mihnea"]
[WhiteFideId "26092131"]
[BlackFideId "1217518"]
[WhiteElo "2095"]
[BlackElo "2482"]
[Result "1-0"]
[Round "01"]
[TimeControl "180+1"]
[Date "2021.07.06"]
[WhiteClock "0:00:37"]
[BlackClock "0:00:13"]

1. Nf3 g6 2. d4 Nf6 3. c4 Bg7 4. Nc3 O-O 5. e4 d6 6. h3 Na6 7. Be3 e5 8. d5 Nc5 9. Nd2 a5 10. g4 Nfd7 11. Qc2 Nb6 12. O-O-O c6 13. f3 cxd5 14. Bxc5 dxc5 15. Nxd5 Nxd5 16. cxd5 Bd7 17. a4 Bh6 18. Kb1 Bxd2 19. Rxd2 Qb6 20. Bb5 Bxb5 21. Qb3 Qf6 22. axb5 a4 23. Qe3 b6 24. h4 Ra5 25. Qe2 a3 26. b3 Qd6 27. Ka2 Qd7 28. Rhd1 Rxb5 29. d6 Ra5 30. h5 g5 31. Qe3 f6 32. Qc3 Rd8 33. Qc4+ Qf7 34. Rd5 Rd7 35. b4 cxb4 36. Qxb4 Rxd5 37. Rxd5 Rb7 38. h6 Qd7 39. Qc4 Kf8 40. Kxa3 b5 41. Qc5 b4+ 42. Kb2 b3 43. Rd2 Ra7 44. Kxb3 Qa4+ 45. Kc3 Qa1+ 46. Rb2 Qe1+ 47. Kc4 Qc1+ 48. Kd5 Qxb2 49. Qxa7 Qb3+ 50. Kc6 Qc4+ 51. Qc5 Qa6+ 52. Kc7 Kf7 53. d7 Kg6 54. d8=Q Qe6 55. Qcd5 Qa6 56. Q5g8+ Kxh6 57. Qdf8# 1-0


[Site "https://www.chess.com"]

[Event "Titled Tuesday Blitz July 6 2021"]
[White "Vega Gutierrez, Sabrina"]
[Black "Donchenko, Alexander"]
[WhiteFideId "2219026"]
[BlackFideId "24603295"]
[WhiteElo "2281"]
[BlackElo "2553"]
[Result "1/2-1/2"]
[Round "01"]
[TimeControl "180+1"]
[Date "2021.07.06"]
[WhiteClock "0:00:03"]
[BlackClock "0:00:08"]

1. e4 c5 2. Nf3 e6 3. d4 cxd4 4. Nxd4 Nf6 5. Nc3 Nc6 6. Ndb5 Bc5 7. Nd6+ Ke7 8. Bf4 e5 9. Nf5+ Kf8 10. Bg5 h6 11. Be3 Bb4 12. Bc4 d6 13. O-O g6 14. Ng3 Bxc3 15. bxc3 Kg7 16. f4 Ng4 17. fxe5 Ncxe5 18. Bd4 Be6 19. Bxe6 fxe6 20. Qxg4 Qe7 21. Nh5+ Kh7 22. Bxe5 dxe5 23. Rf6 Rhg8 24. Raf1 Raf8 25. Rxf8 Rxf8 26. Rxf8 Qxf8 27. Ng3 Qc5+ 28. Kf1 Qxc3 29. Qxe6 Qxc2 30. Qf7+ Kh8 31. Qf6+ Kh7 32. Qxe5 Qb1+ 33. Kf2 Qxa2+ 34. Ne2 Qf7+ 35. Ke3 Qb3+ 36. Qc3 Qb6+ 37. Nd4 a5 38. e5 a4 39. e6 Qd6 40. Qa5 a3 41. Kd3 Qxh2 42. e7 Qg3+ 43. Kc4 Qe3 44. Qd8 a2 45. Qd7 b5+ 46. Kxb5 Qe5+ 47. Kc6 a1=Q 48. e8=Q+ Qg7 49. Qxg7+ Kxg7 50. Ne6+ Kh7 51. Qf7+ Kh8 52. Qe8+ Kh7 53. Nf8+ Kg7 54. Qe7+ Kg8 55. Nd7 Qa4+ 56. Kc7 Qf4+ 57. Kd8 Qf7 58. Nf6+ Kg7 59. Ne8+ Kg8 60. Kd7 Qf5+ 61. Kd8 Qf7 62. Qxf7+ Kxf7 63. Kd7 g5 64. Nd6+ Kf6 65. Ne8+ Kf5 66. Ng7+ Kf4 67. Ke7 Kg3 68. Nf5+ Kxg2 69. Nxh6 Kf3 70. Kf6 Kf4 71. Kg6 g4 72. Nxg4 1/2-1/2


[Site "https://www.chess.com"]

[Event "Titled Tuesday Blitz July 6 2021"]
[White "Vidit, Santosh Gujrathi"]
[Black "Sokolovsky, Yahli"]
[WhiteFideId "5029465"]
[BlackFideId "2820242"]
[WhiteElo "2735"]
[BlackElo "1770"]
[Result "1-0"]
[Round "01"]
[TimeControl "180+1"]
[Date "2021.07.06"]
[WhiteClock "0:00:05"]
[BlackClock "0:00:02"]

1. Nf3 g6 2. g3 Bg7 3. Bg2 d6 4. d4 Nf6 5. O-O O-O 6. c4 Nbd7 7. Nc3 c5 8. d5 Ne5 9. Nxe5 dxe5 10. Be3 b6 11. d6 Rb8 12. dxe7 Qxe7 13. Bg5 Bb7 14. Bxb7 Rxb7 15. Nd5 Qe6 16. Bxf6 Bxf6 17. Qc2 Bg7 18. e4 f5 19. f3 Rbf7 20. Kg2 h5 21. Rae1 Bh6 22. exf5 gxf5 23. Re2 e4 24. fxe4 fxe4 25. Rxe4 Qd7 26. Rxf7 Qxf7 27. Qe2 Bg7 28. Rf4 Re8 29. Qf3 Qg6 30. Rf5 h4 31. g4 Qe6 32. b3 Qe2+ 33. Qxe2 Rxe2+ 34. Rf2 Re4 35. h3 Rd4 36. Re2 Bh6 37. Ne7+ Kf7 38. Nf5 Rd2 39. Nxh6+ 1-0


[Site "https://www.chess.com"]

[Event "Titled Tuesday Blitz July 6 2021"]
[White "Vignesh, N R"]
[Black "Gallegos Diaz, Carlos Alberto"]
[WhiteFideId "25012215"]
[BlackFideId "3900886"]
[WhiteElo "2401"]
[BlackElo "2362"]
[Result "1-0"]
[Round "01"]
[TimeControl "180+1"]
[Date "2021.07.06"]
[WhiteClock "0:01:21"]
[BlackClock "0:00:35"]

1. d4 d6 2. Nf3 Nf6 3. c4 Nbd7 4. g3 e5 5. Bg2 Be7 6. O-O O-O 7. Nc3 c6 8. e4 exd4 9. Nxd4 Ne5 10. b3 Re8 11. h3 h6 12. f4 Ng6 13. Bb2 Bf8 14. Qd3 Qc7 15. Rae1 Bd7 16. Rd1 Rad8 17. Rfe1 Bc8 18. Kh2 h5 19. Qf3 h4 20. g4 a6 21. Nf5 b5 22. e5 dxe5 23. Qxc6 Qb8 24. Nh6+ gxh6 25. Rxd8 Rxd8 26. f5 Rd6 27. Qf3 e4 28. Qf1 Rd2+ 29. Kh1 Rxb2 30. fxg6 Qg3 31. Nxe4 Nxe4 32. Qxf7+ 1-0


[Site "https://www.chess.com"]

[Event "Titled Tuesday Blitz July 6 2021"]
[White "Vivas Zamora, Fabian Ernesto"]
[Black "Sychev, Klementy"]
[WhiteFideId "3902480"]
[BlackFideId "4114060"]
[WhiteElo "1966"]
[BlackElo "2615"]
[Result "0-1"]
[Round "01"]
[TimeControl "180+1"]
[Date "2021.07.06"]
[WhiteClock "0:00:02"]
[BlackClock "0:00:10"]

1. c4 e6 2. Nf3 d5 3. b3 Be7 4. Bb2 Bf6 5. d4 c5 6. cxd5 exd5 7. Nc3 cxd4 8. Nxd4 Nc6 9. Nxc6 bxc6 10. e3 Ne7 11. Be2 O-O 12. O-O Nf5 13. Na4 Bxb2 14. Nxb2 Qg5 15. Rc1 Nh4 16. g3 Bh3 17. Re1 Rfe8 18. Nd3 Ng2 19. Rf1 Nxe3 20. fxe3 Bxf1 21. Bxf1 Qxe3+ 22. Nf2 Re6 23. Rc2 Rae8 24. Qd3 Qb6 25. Kg2 a5 26. a3 h5 27. b4 Re3 28. Qf5 Rxa3 29. bxa5 Rxa5 30. Rxc6 Qxc6 31. Qxh5 d4+ 32. Qf3 Qxf3+ 33. Kxf3 Ra2 34. Ne4 Ra3+ 35. Kf4 d3 36. Nd2 Re2 37. Kf3 Rxd2 0-1


[Site "https://www.chess.com"]